 Dungeon Crawl Stone Soup version 0.21.1-1-g345015f (webtiles) character file.

333 Fang the Chopper (level 6, 0/58 HPs)
             Began as a Gargoyle Berserker on Apr 23, 2018.
             Was a Priest of Trog.
             Slain by petzl's ghost (1 damage)
             ... on level 4 of the Dungeon on Apr 24, 2018.
             The game lasted 00:04:22 (2370 turns).

Fang the Chopper (Gargoyle Berserker)               Turns: 2370, Time: 00:04:23

Health: 0/58       AC:  6    Str: 28    XL:     6   Next: 53%
Magic:  6/6        EV: 12    Int:  7    God:    Trog [***...]
Gold:   64         SH:  0    Dex:  9    Spells: 5/5 levels left

rFire    . . .     SeeInvis .   a - +2 hand axe
rCold    . . .     Gourm    .   (no shield)
rNeg     + . .     Faith    .   b - +0 animal skin
rPois    ∞         Spirit   .   (no helmet)
rElec    +         Reflect  .   (no cloak)
rCorr    .         Harm     .   (no gloves)
MR       .....                  (no boots)
Stlth    ..........             (no amulet)
HPRegen  0.19/turn              (no ring)
MPRegen  0.10/turn              (no ring)

@: berserking, very quick
A: negative energy resistance 1, electricity resistance, unbreathing,
petrification resistance, rot immunity, AC +4
a: Berserk, Trog's Hand, Burn Spellbooks, Renounce Religion


You were on level 4 of the Dungeon.
You worshipped Trog.
Trog was most pleased with you.
You were not hungry.

You visited 1 branch of the dungeon, and saw 4 of its levels.

You collected 134 gold pieces.
You spent 70 gold pieces at shops.

Inventory:

Hand Weapons
 a - a +2 hand axe (weapon)
Armour
 b - a +0 animal skin (worn)
Jewellery
 k - an uncursed ring of ice {unknown}
Wands
 l - a wand of paralysis (15)
 m - a wand of disintegration (9)
Scrolls
 g - 2 scrolls of fear
Potions
 d - 4 potions of curing
 e - a potion of lignification {unknown}
 f - a potion of magic {unknown}
 h - a potion of agility
 i - 2 potions of flight {unknown}
 j - a potion of heal wounds {unknown}
Comestibles
 c - 4 rations


   Skills:
 + Level 4.7 Fighting
 + Level 5.0 Axes
 + Level 2.3 Armour
 + Level 2.7 Dodging
 + Level 0.9 Stealth


You had 5 spell levels left.
You didn't know any spells.

Dungeon Overview and Level Annotations

Branches:
Dungeon (4/15)
 Temple: D:4-7

Altars:
Ashenzari
Okawaru
Qazlal

Shops:
D:4 %

Annotations:
D:4 petzl's ghost, amateur OpWn


Innate Abilities, Weirdness & Mutations

You are resistant to torment.
Your stone body is resilient. (AC +4)
You are immune to poison.
You resist negative energy. (rN+)
You are resistant to electric shocks. (rElec)
You can survive without breathing.
You are immune to petrification.
You are immune to rotting.


Message History

Petzl's ghost freezes you.
* * * LOW HITPOINT WARNING * * *
A red film seems to cover your vision as you go berserk!
You feel yourself moving faster!
You feel mighty!
You feel quite a bit more hungry. Petzl's ghost hits you.
* * * LOW HITPOINT WARNING * * *
Petzl's ghost freezes you.
* * * LOW HITPOINT WARNING * * *
Unknown command.
You slice petzl's ghost!!
Petzl's ghost is severely damaged.
Petzl's ghost hits you but does no damage.
You barely miss petzl's ghost.
Petzl's ghost is severely damaged.
You barely miss petzl's ghost.
Petzl's ghost is severely damaged.
Petzl's ghost hits you.
* * * LOW HITPOINT WARNING * * *
Petzl's ghost freezes you.
You die...

#. .... # .#..#....#. ....#.#..#.
##. .#.>...... ...
......#..####.## .##............
.......W......# .# ##.##.
.......@##.#####.# #### #....
..............##.# #.... .....
........##.##.##.# #.### ....
..?.##..##.##.##.# #.#.. ###..# #
#... #..##'##.##.# #.#.#
#.#..#.###...##..#...#.##.###.#..
.............<..............#.#.#
..#[# #.........#.....##........
..#.#####....##..#.(..∩##.#.#....


You could see petzl's ghost.

Vanquished Creatures
  The ghost of Bopaloobop the Skirmisher, an amateur OgMo (D:3)
  A howler monkey (D:4)
  Ijyb (D:4)
  An orc wizard (D:3)
  4 gnolls (D:3)
  3 adders
  4 dart slugs
  7 orcs (D:3)
  2 giant cockroaches
  5 goblins
  7 hobgoblins
  12 jackals
  A quokka (D:3)
  5 bats
  3 frilled lizards
  6 kobolds
  7 rats
70 creatures vanquished.

Notes
Turn   | Place    | Note
-------+----------+-------------------------------------------
     0 | D:1      | Fang the Gargoyle Berserker began the quest for the Orb.
     0 | D:1      | Reached XP level 1. HP: 14/14 MP: 1/1
   225 | D:1      | Reached XP level 2. HP: 17/19 MP: 2/2
   308 | D:1      | Reached skill level 3 in Axes
   595 | D:2      | Reached XP level 3. HP: 22/24 MP: 3/3
   637 | D:2      | Reached ** piety under Trog
   892 | D:2      | Reached XP level 4. HP: 29/29 MP: 4/4
   946 | D:3      | Found a shattered altar of Ashenzari.
   950 | D:3      | Found a stormy altar of Qazlal.
   995 | D:3      | Noticed Bopaloobop's ghost (amateur OgMo)
  1014 | D:3      | Killed Bopaloobop's ghost
  1014 | D:3      | Reached skill level 4 in Axes
  1014 | D:3      | Reached XP level 5. HP: 7/34 MP: 5/5
  1495 | D:3      | Reached XP level 6. HP: 39/39 MP: 6/6
  1833 | D:3      | Found an iron altar of Okawaru.
  2233 | D:4      | Found Bomn's Food Shoppe.
  2243 | D:4      | Reached *** piety under Trog
  2287 | D:4      | Noticed Ijyb
  2298 | D:4      | Killed Ijyb
  2345 | D:4      | Bought a ration for 70 gold pieces
  2360 | D:4      | Noticed petzl's ghost (amateur OpWn)
  2364 | D:4      | Reached skill level 5 in Axes
  2367 | D:4      | HP: 2/58 [petzl's ghost (1)]
  2370 | D:4      | Slain by petzl's ghost

Skill      XL: |  1  2  3  4  5  6 |
---------------+-------------------+-----
Axes           | 3 4 5 |  5.0
Fighting       | 4 |  4.7
Dodging        | 2 |  2.7
Armour         | |  2.3
Stealth        | |  0.9

Action                   |  1- 3 |  4- 6 || total
-------------------------+-------+-------++-------
Melee: Hand axe          |    93 |   112 ||   205
Invok: Berserk           |       |     4 ||     4
  Use: Scroll            |     5 |     5 ||    10
 Stab: Sleeping          |       |     2 ||     2
  Eat: Chunk             |       |     5 ||     5
       Ration            |       |     1 ||     1
Armor: Animal skin       |    51 |    32 ||    83
Dodge: Dodged            |    81 |    69 ||   150
